[Event "4th Memorial Warakomska-B 2020"]
[Site "Suwalki"]
[Date "2020.08.09"]
[Round "5.6"]
[White "Zalega, Maciej"]
[Black "Rak, Tomasz"]
[Result "0-1"]
[ECO "B16"]
[WhiteElo "1743"]
[BlackElo "1879"]
[Annotator "NA"]
[PlyCount "120"]
[EventDate "2020.08.06"]
[EventType "swiss"]
[EventCountry "POL"]
[SourceTitle "playchess.com"]
[Source "ChessBase"]
[SourceQuality "1"]
[TimeControl "40/5400+30:1800+30"]

1. e4 c6 2. d4 d5 3. Nc3 dxe4 4. Nxe4 Nf6 5. Nxf6+ gxf6 6. Bf4 {[%emt 0:01:29] B16: Caro-Kann: Bronstein-Larsen Variation.} h5 7. Nf3 h4 8. h3 Bf5 9. Bd3 Nd7 ({Black should try} 9... Qc8 $14) 10. Bxf5 Qa5+ 11. Qd2 Qxf5 12. O-O-O Nb6 13. Kb1 e6 14. Bh2 {[%emt 0:05:50] [#]} a5 $146 ({Predecessor:} 14... O-O-O 15. Qc3 Be7 16. Qb3 Qd5 17. c4 Qxc4 18. Qxc4 Nxc4 19. Rhe1 Rdg8 20. Rg1 Bd6 {0-1 (63) Arutyunova,D (2338)-Berdichevski,I (2555) Internet 2006}) 15. Qd3 Qd5 16. Qb3 Ra6 17. Rhe1 a4 18. Qxd5 cxd5 19. Bc7 Na8 20. Bf4 Kd7 21. Re3 b5 22. a3 b4 23. axb4 Bxb4 24. Red3 Nb6 25. Bd2 Bd6 26. Bc1 Nc4 27. Nd2 Na5 28. Nf3 Rb6 29. Ka2 Rc6 30. Bd2 Nc4 31. Bc3 Rhc8 32. Nd2 Na3 33. bxa3 Rxc3 34. Rxc3 Rxc3 35. Kb2 Rc8 36. Nf3 Rb8+ 37. Ka2 Rc8 38. Kb2 Rb8+ 39. Ka2 Rh8 40. Rb1 Kc6 41. Rc1 e5 42. dxe5 fxe5 43. c4 d4 44. c5 Bc7 45. Rc4 Kb5 46. Rb4+ Kxc5 47. Rxa4 f6 48. Kb2 Bd6 49. Kc2 Kb5 50. Ra7 Rc8+ 51. Kd2 Bc5 52. Rf7 e4 53. Ne1 Ra8 54. Rxf6 Rxa3 55. Re6 Bb4+ $19 56. Ke2 d3+ 57. Nxd3 exd3+ 58. Ke3 d2+ 59. Ke2 Ra1 60. Re5+ Kc6 0-1

[Event "4th Memorial Warakomska-B 2020"]
[Site "Suwalki"]
[Date "2020.08.09"]
[Round "5.7"]
[White "Kasperczyk, Szymon"]
[Black "Widelski, Kacper"]
[Result "1/2-1/2"]
[ECO "B27"]
[WhiteElo "1711"]
[BlackElo "1879"]
[Annotator "NA"]
[PlyCount "78"]
[EventDate "2020.08.06"]
[EventType "swiss"]
[EventCountry "POL"]
[SourceTitle "playchess.com"]
[Source "ChessBase"]
[SourceQuality "1"]
[TimeControl "40/5400+30:1800+30"]

1. e4 c5 2. Nf3 g6 3. c3 Bg7 4. d4 cxd4 5. cxd4 d5 6. Bb5+ Bd7 {[%emt 0:03:36] B27: Sicilian: 2 Nf3, unusual Black 2nd moves.} 7. Bxd7+ Qxd7 8. e5 Nh6 9. O-O Nf5 10. Nc3 Nc6 11. Re1 O-O 12. Bf4 e6 13. Qd2 Rac8 {[%emt 0:15:23] [#]} 14. g4 $146 ({Predecessor:} 14. Rac1 f6 15. exf6 Bxf6 16. Ne5 Nxe5 17. Bxe5 Bxe5 18. Rxe5 Rc4 19. Ne2 Rfc8 20. Rxc4 Rxc4 {½-½ (92) Ramiro Ovejero,J (2316)-Cifuentes Parada,R (2451) Estadilla 2017}) 14... Nfe7 15. Bh6 b5 16. Bxg7 Kxg7 17. Qg5 Ng8 18. Nxb5 h6 19. Qe3 Nb4 20. Na3 Nc2 21. Nxc2 Rxc2 22. Re2 Rfc8 23. Ne1 R2c4 24. Nd3 Qb5 25. Rae1 Ne7 26. Rd2 Nc6 27. Nf4 Nb4 28. Qf3 Qb7 29. b3 Rc2 30. Ree2 R8c3 31. Nd3 Rxd2 32. Rxd2 Qb5 33. Qf6+ Kg8 34. Nxb4 Rc1+ 35. Kg2 Qf1+ $11 36. Kg3 Qg1+ 37. Kh3 Qf1+ 38. Kg3 Qg1+ 39. Kh3 Qf1+ 1/2-1/2

[Event "4th Memorial Warakomska-B 2020"]
[Site "Suwalki"]
[Date "2020.08.09"]
[Round "5.8"]
[White "Cwiek, Ryszard"]
[Black "Kotarski, Bartosz"]
[Result "1-0"]
[ECO "B20"]
[WhiteElo "1867"]
[BlackElo "1742"]
[Annotator "NA"]
[PlyCount "51"]
[EventDate "2020.08.06"]
[EventType "swiss"]
[EventCountry "POL"]
[SourceTitle "playchess.com"]
[Source "ChessBase"]
[SourceQuality "1"]
[TimeControl "40/5400+30:1800+30"]

1. e4 c5 2. b3 Nc6 3. Bb2 e5 4. Bb5 Nd4 5. Be2 Qg5 6. Bf3 d6 7. c3 Ne6 8. Ne2 g6 9. d4 exd4 10. cxd4 Bg7 $14 11. Bc3 cxd4 12. Nxd4 Qc5 13. Ne2 Be5 14. Bxe5 dxe5 15. Nd2 Nf6 16. Rc1 Qb4 17. O-O O-O 18. Nc4 Re8 19. Qd6 Qxd6 20. Nxd6 Rd8 21. Nc4 Ng5 22. Nc3 Nxf3+ 23. gxf3 Re8 24. Nd6 Re7 25. Nxc8 Rxc8 26. Nd5 1-0

[Event "4th Memorial Warakomska-B 2020"]
[Site "Suwalki"]
[Date "2020.08.09"]
[Round "5.9"]
[White "Lukasik, Zuzanna"]
[Black "Wierzbicki, Michal"]
[Result "0-1"]
[ECO "C05"]
[WhiteElo "1553"]
[BlackElo "1849"]
[Annotator "NA"]
[PlyCount "100"]
[EventDate "2020.08.06"]
[EventType "swiss"]
[EventCountry "POL"]
[SourceTitle "playchess.com"]
[Source "ChessBase"]
[SourceQuality "1"]
[TimeControl "40/5400+30:1800+30"]

1. e4 e6 2. d4 d5 3. Nd2 Nf6 4. e5 Nfd7 5. Bd3 c5 6. c3 b6 7. Ne2 Ba6 8. Bxa6 Nxa6 9. O-O Nc7 10. f4 f5 11. Nf3 Be7 12. Be3 a5 13. Qe1 O-O 14. Kh1 Qe8 15. Rg1 Qg6 16. Rc1 c4 17. h3 b5 18. Qf2 b4 19. g4 bxc3 20. Nxc3 a4 21. a3 Rfb8 22. Rg2 Ne8 23. Qc2 fxg4 24. Qxg6 hxg6 25. hxg4 Nc7 26. g5 Kf7 27. Kh2 Nb5 28. Ng1 Nxc3 29. Rxc3 Rb3 30. Rgc2 Rab8 31. Bc1 Bd8 32. Rh3 Ba5 33. Ne2 Nb6 34. Nc3 Bxc3 35. Rhxc3 Nc8 36. Rxb3 axb3 37. Rd2 Nb6 38. Re2 Na4 39. Kg2 Rh8 40. Rf2 Ke7 41. Bd2 Kd7 42. Bb4 Kc6 43. Rd2 Kb5 44. Kf3 Rh1 45. Re2 c3 46. Bxc3 Nxc3 47. bxc3 Kc4 48. a4 Kxc3 49. Re3+ Kb4 50. a5 b2 0-1

[Event "4th Memorial Warakomska-B 2020"]
[Site "Suwalki"]
[Date "2020.08.09"]
[Round "5.10"]
[White "Sapeta, Robert"]
[Black "Peksa, Zuzanna"]
[Result "1-0"]
[ECO "D01"]
[WhiteElo "1895"]
[BlackElo "1146"]
[Annotator "NA"]
[PlyCount "74"]
[EventDate "2020.08.06"]
[EventType "swiss"]
[EventCountry "POL"]
[SourceTitle "playchess.com"]
[Source "ChessBase"]
[SourceQuality "1"]
[TimeControl "40/5400+30:1800+30"]

1. d4 d5 2. Nc3 Nf6 3. Bg5 Bf5 4. f3 e6 5. e4 h6 6. Bxf6 {[%emt 0:00:27] D01: Veresov Opening.} Qxf6 7. exf5 {[%emt 0:00:12] [#]} Nc6 $146 ({Predecessor:} 7... Qxf5 8. Bd3 Qg5 9. Qd2 Qf6 10. Nge2 Bb4 11. a3 Ba5 12. Qe3 Nc6 13. Bb5 O-O 14. Bxc6 bxc6 {1-0 (32) Olyschlaeger,R (1753)-Wilhelm,K (1187) Uelzen 2007}) 8. Bb5 Bd6 9. Nge2 O-O 10. Qd2 a6 11. Bxc6 bxc6 12. fxe6 fxe6 13. O-O c5 14. dxc5 Bxc5+ 15. Kh1 Rab8 16. Rab1 Qg6 17. Qd3 Qh5 18. f4 Rf6 19. Rf3 Rbf8 20. Rbf1 a5 21. Nb5 Bb6 22. c4 c6 23. Nbc3 Qh4 24. Na4 Bc7 25. g3 Qg4 26. Kg2 $18 Kh8 27. Nc5 e5 28. h3 Qh5 29. fxe5 dxc4 30. exf6 cxd3 31. fxg7+ Kxg7 32. Ne6+ Kg6 33. Nxf8+ Kg7 34. Ne6+ Kg6 35. N6f4+ Bxf4 36. Nxf4+ Kg7 37. Ne6+ Kh7 1-0

[Event "4th Memorial Warakomska-B 2020"]
[Site "Suwalki"]
[Date "2020.08.09"]
[Round "5.11"]
[White "Siekanska, Zuzanna"]
[Black "Czech, Mieczyslaw"]
[Result "1/2-1/2"]
[ECO "D35"]
[WhiteElo "1680"]
[BlackElo "1863"]
[Annotator "NA"]
[PlyCount "102"]
[EventDate "2020.08.06"]
[EventType "swiss"]
[EventCountry "POL"]
[SourceTitle "playchess.com"]
[Source "ChessBase"]
[SourceQuality "1"]
[TimeControl "40/5400+30:1800+30"]

1. d4 d5 2. c4 e6 3. Nc3 Nf6 4. cxd5 exd5 5. Bg5 Be7 6. e3 c6 7. Bd3 O-O 8. Qc2 Nbd7 9. Nf3 Re8 10. O-O Nf8 11. h3 Be6 12. Rab1 a5 13. a3 {[%emt 0:02:14] D36: Queen's Gambit Declined: Exchange Variation: Main line (5 Bg5 c6 6 Qc2).} N6d7 14. Bf4 Rc8 15. b4 axb4 16. axb4 {[%emt 0:00:08] [#]} Ng6 $146 ({Black should play Predecessor:} 16... b5 $11 17. e4 dxe4 18. Nxe4 Nb6 19. Nc5 Bc4 20. Bxc4 Nxc4 21. Rbd1 Ng6 22. Bg3 Qd5 {1-0 (45) Balashov,Y (2434)-Gunchenko,V (2338) Taganrog 2018}) 17. Bh2 b5 18. Ne5 Ndxe5 19. dxe5 Qb6 20. Kh1 Nf8 (20... c5 $11 21. bxc5 (21. Bxb5 Red8 $11) 21... Qxc5 22. Bxb5 Red8) 21. Qe2 f5 22. exf6 Bxf6 23. Qd2 Qd8 24. Ne2 Qe7 25. Nd4 Bd7 26. Nf5 Bxf5 $11 27. Bxf5 Ra8 28. Rfc1 Qb7 29. Qc2 Ra6 30. Bd6 g6 31. Bg4 Nd7 32. Bxd7 Qxd7 33. Bc5 Re4 34. Rd1 Rc4 35. Qe2 Qe6 36. Qf3 Ra2 37. Ra1 Rcc2 38. Qf4 Qe5 39. Rxa2 Rxa2 40. Qg4 Qf5 41. Qxf5 gxf5 42. Kg1 Kf7 43. g3 Ke6 44. Kg2 Rc2 45. Kf3 h5 46. Rg1 Rd2 47. Rc1 Kd7 48. Re1 Ke6 49. Rc1 Kd7 50. Re1 Ke6 51. Rc1 Ke5 1/2-1/2

[Event "4th Memorial Warakomska-B 2020"]
[Site "Suwalki"]
[Date "2020.08.09"]
[Round "5.12"]
[White "Kopaczewski, Zbigniew"]
[Black "Bancarewicz, Aleks"]
[Result "0-1"]
[ECO "A00"]
[WhiteElo "1488"]
[BlackElo "1781"]
[Annotator "NA"]
[PlyCount "78"]
[EventDate "2020.08.06"]
[EventType "swiss"]
[EventCountry "POL"]
[SourceTitle "playchess.com"]
[Source "ChessBase"]
[SourceQuality "1"]
[TimeControl "40/5400+30:1800+30"]

1. e3 e5 2. a3 d5 3. d4 exd4 4. Qxd4 Nf6 5. Nf3 Bd6 6. Qa4+ c6 7. Nbd2 O-O 8. b4 Bf5 9. Bb2 Nbd7 10. Qb3 a5 11. c4 axb4 12. axb4 Rxa1+ 13. Bxa1 dxc4 14. Bxc4 Nb6 15. Be2 Be6 16. Qb2 h6 17. O-O Qe7 18. Ne4 Ne8 19. Nxd6 Qxd6 20. Rd1 Qe7 21. Qd4 Nd5 22. Rb1 Bf5 23. Rb2 Qe4 24. Qc5 Nef6 25. Nd4 Ra8 26. Qc1 Bg6 27. b5 c5 28. Nb3 b6 29. Bf3 Qa4 30. Be2 Nb4 31. f3 Bd3 32. Qc3 c4 33. Bxd3 Nxd3 34. Rb1 Qa2 35. Nd2 Ra3 36. Qxc4 Qxd2 37. Qc8+ Kh7 38. Qf5+ Kh8 39. Bxf6 Qxe3+ 0-1

[Event "4th Memorial Warakomska-B 2020"]
[Site "Suwalki"]
[Date "2020.08.09"]
[Round "5.13"]
[White "Jasiulewicz, Dawid"]
[Black "Wasik, Jozef"]
[Result "1/2-1/2"]
[ECO "A88"]
[WhiteElo "1374"]
[BlackElo "1646"]
[Annotator "NA"]
[PlyCount "108"]
[EventDate "2020.08.06"]
[EventType "swiss"]
[EventCountry "POL"]
[SourceTitle "playchess.com"]
[Source "ChessBase"]
[SourceQuality "1"]
[TimeControl "40/5400+30:1800+30"]

1. d4 f5 2. Nf3 Nf6 3. g3 g6 4. Bg2 Bg7 5. O-O d6 6. c4 O-O 7. Nc3 c6 8. Qb3 Qb6 9. Rd1 Na6 10. Be3 Qxb3 11. axb3 Nb4 12. Ra4 Na6 13. b4 Nc7 14. Rda1 a6 15. Nd2 Bd7 16. Nb3 Ng4 17. Bd2 Rfb8 18. h3 Nf6 19. c5 Be6 20. Na5 Bd5 21. f3 Nfe8 22. e3 e5 23. Ne2 b6 24. cxb6 Rxb6 25. e4 fxe4 26. fxe4 Be6 27. Rc1 Bd7 28. dxe5 dxe5 29. Be3 c5 30. Bxc5 Bxa4 31. Bxb6 Ne6 32. Nc3 Bb5 33. Nxb5 axb5 34. Bf1 Nd6 35. Bd3 Nd4 36. Bxd4 exd4 37. Rc5 Re8 38. Kg2 Nxe4 39. Rxb5 Nd6 40. Rd5 Re3 41. Bxg6 hxg6 42. Rxd6 Re2+ 43. Kf3 Rxb2 44. Nc6 Rb3+ 45. Kf2 Kh7 46. Rd5 Rb2+ 47. Kf3 Rb3+ 48. Kg4 Kh6 49. b5 d3 50. Ne7 d2 51. Rxd2 Rxb5 52. Rd6 Rg5+ 53. Kh4 Rh5+ 54. Kg4 Rg5+ 1/2-1/2

[Event "4th Memorial Warakomska-B 2020"]
[Site "Suwalki"]
[Date "2020.08.09"]
[Round "5.14"]
[White "Pieczulis, Blazej"]
[Black "Sapinski, Sebastian"]
[Result "0-1"]
[ECO "E32"]
[WhiteElo "1608"]
[BlackElo "1603"]
[Annotator "NA"]
[PlyCount "92"]
[EventDate "2020.08.06"]
[EventType "swiss"]
[EventCountry "POL"]
[SourceTitle "playchess.com"]
[Source "ChessBase"]
[SourceQuality "1"]
[TimeControl "40/5400+30:1800+30"]

1. d4 e6 2. c4 Nf6 3. Nc3 Bb4 4. Qc2 O-O 5. Bg5 h6 6. Bh4 d6 7. Nf3 Nbd7 8. e3 b6 9. Be2 Bb7 10. O-O Bxc3 11. bxc3 c5 12. Nd2 Qc7 13. Rac1 Rac8 14. Nb3 g5 15. Bg3 Ne4 16. Rfd1 Nxg3 17. hxg3 f5 18. d5 exd5 19. cxd5 Ne5 20. f4 Ng6 21. fxg5 hxg5 22. Rf1 Qf7 23. Bd3 Ne7 24. c4 Rce8 25. e4 f4 26. gxf4 gxf4 27. Nd2 Qg7 28. Nf3 Ng6 29. Rce1 Ne5 30. Nxe5 Rxe5 31. Rf3 Bc8 32. Ref1 Qh6 33. g3 Rh5 34. Qc3 Rh1+ 35. Kf2 fxg3+ 36. Ke2 Bg4 37. e5 Bxf3+ 38. Rxf3 Rh2+ 39. Ke1 Rxf3 40. e6 Qe3+ 41. Kd1 Rf1+ 42. Bxf1 Qxc3 43. Be2 Rh1+ 44. Bf1 Rxf1+ 45. Ke2 Rf2+ 46. Kd1 Qd2# 0-1

[Event "4th Memorial Warakomska-B 2020"]
[Site "Suwalki"]
[Date "2020.08.10"]
[Round "6.1"]
[White "Wolagiewicz, Kinga"]
[Black "Borowik, Wojciech"]
[Result "1-0"]
[ECO "B90"]
[WhiteElo "1719"]
[BlackElo "1769"]
[Annotator "NA"]
[PlyCount "73"]
[EventDate "2020.08.06"]
[EventType "swiss"]
[EventCountry "POL"]
[SourceTitle "playchess.com"]
[Source "ChessBase"]
[SourceQuality "1"]
[TimeControl "40/5400+30:1800+30"]

1. e4 c5 2. Nf3 d6 3. d4 cxd4 4. Nxd4 Nf6 5. Nc3 a6 6. a4 e5 7. Nb3 Be6 8. Be2 Be7 9. O-O Nbd7 10. Kh1 O-O 11. f4 exf4 12. Bxf4 Ne5 13. Nd4 Ng6 14. Bg3 Bd7 15. Nf5 Bxf5 16. exf5 Ne5 17. Qd4 Qc7 18. Bd3 h6 19. Rae1 Rad8 20. Bh4 Nc6 21. Qf4 Nh5 22. Rxe7 Qxe7 23. Bxe7 Nxf4 24. Bxf8 Nxd3 25. Bxg7 Nxb2 26. Bxh6 d5 27. Rb1 d4 28. Ne4 Nxa4 29. Rxb7 Rb8 30. Rxb8+ Nxb8 31. Nf6+ Kh8 32. Bf8 Nb2 33. h4 d3 34. cxd3 Nxd3 35. h5 Nf4 36. h6 Nd7 37. Bg7# 1-0

[Event "4th Memorial Warakomska-B 2020"]
[Site "Suwalki"]
[Date "2020.08.10"]
[Round "6.2"]
[White "Ryszkiewicz, Adam"]
[Black "Kaminski, Maciej"]
[Result "1/2-1/2"]
[ECO "B33"]
[WhiteElo "1941"]
[BlackElo "1869"]
[Annotator "ChessBase"]
[PlyCount "104"]
[EventDate "2020.08.06"]
[EventType "swiss"]
[EventCountry "POL"]
[SourceTitle "playchess.com"]
[Source "ChessBase"]
[SourceQuality "1"]
[TimeControl "40/5400+30:1800+30"]

1. e4 c5 2. Nf3 Nc6 3. d4 cxd4 4. Nxd4 Nf6 5. Nc3 e6 6. Nxc6 bxc6 7. e5 Nd5 8. Ne4 Bb7 9. a3 c5 10. c4 Ne3 11. Bxe3 Bxe4 12. f3 Bc6 13. Qc2 Qc7 14. Qc3 Be7 15. Be2 Rb8 16. O-O a5 17. Bd1 f6 18. Bf4 g5 19. exf6 Qxf4 20. fxe7 Qd4+ 21. Qxd4 cxd4 22. b3 e5 23. Re1 d6 24. Rb1 Kxe7 25. Bc2 Kf6 26. Bd3 d5 27. Rec1 dxc4 28. Bxc4 Bb5 29. Bxb5 Rxb5 30. Rc6+ Ke7 31. a4 Rd5 32. b4 axb4 33. Rxb4 g4 34. Kf2 Kd7 35. Rh6 gxf3 36. Kxf3 d3 37. Rb7+ Kc8 38. Rb1 Rd4 39. a5 e4+ 40. Ke3 Ra4 41. Re6 Rxa5 42. Rxe4 Ra2 43. g4 Rxh2 44. Kxd3 Rd8+ 45. Ke3 Rd5 46. Rg1 Kd7 47. Kf4 Rh3 48. g5 Rh4+ 49. Rg4 Rxg4+ 50. Kxg4 Rd1 51. Ra4 Ke6 52. Ra6+ Ke5 1/2-1/2

[Event "4th Memorial Warakomska-B 2020"]
[Site "Suwalki"]
[Date "2020.08.10"]
[Round "6.3"]
[White "Wierzbicki, Michal"]
[Black "Kiolbasa, Damian"]
[Result "1-0"]
[ECO "E98"]
[WhiteElo "1849"]
[BlackElo "1973"]
[Annotator "ChessBase"]
[PlyCount "91"]
[EventDate "2020.08.06"]
[EventType "swiss"]
[EventCountry "POL"]
[SourceTitle "playchess.com"]
[Source "ChessBase"]
[SourceQuality "1"]
[TimeControl "40/5400+30:1800+30"]

1. d4 Nf6 2. Nf3 g6 3. c4 Bg7 4. Nc3 d6 5. e4 O-O 6. Be2 e5 7. O-O Nc6 8. d5 Ne7 9. Ne1 Ne8 10. Be3 f5 11. f3 f4 12. Bf2 g5 13. c5 h5 14. a4 Ng6 15. a5 Nf6 16. cxd6 cxd6 17. Nb5 g4 18. Nxa7 g3 19. Bb6 Qe7 20. Nxc8 Rfxc8 21. Kh1 Nd7 22. Bg1 gxh2 23. Bf2 Bf6 24. b4 Bh4 25. Bb5 Bxf2 26. Rxf2 Qh4 27. Rc2 Nf6 28. Rac1 Rxc2 29. Qxc2 Kh8 30. Nd3 Rg8 31. Qf2 Qg5 32. a6 bxa6 33. Bxa6 h4 34. Bc8 Ne7 35. Be6 Ra8 36. b5 Ra3 37. Rb1 h3 38. b6 Rxd3 39. Bxh3 Qg8 40. Qh4+ Nh7 41. b7 Qb8 42. Qxe7 Rc3 43. Ra1 Rc7 44. Ra8 Rxe7 45. Rxb8+ Kg7 46. Rg8+ 1-0

[Event "4th Memorial Warakomska-B 2020"]
[Site "Suwalki"]
[Date "2020.08.10"]
[Round "6.4"]
[White "Rak, Tomasz"]
[Black "Cwiek, Ryszard"]
[Result "1-0"]
[ECO "D30"]
[WhiteElo "1879"]
[BlackElo "1867"]
[Annotator "NA"]
[PlyCount "109"]
[EventDate "2020.08.06"]
[EventType "swiss"]
[EventCountry "POL"]
[SourceTitle "playchess.com"]
[Source "ChessBase"]
[SourceQuality "1"]
[TimeControl "40/5400+30:1800+30"]

1. Nf3 d5 2. d4 Nf6 3. c4 e6 4. Bg5 Be7 5. Nbd2 b6 6. e3 {[%emt 0:01:01] D30: Queen's Gambit Declined: Systems without Nc3.} Bb7 7. Be2 Nbd7 8. O-O O-O 9. Rc1 c5 10. Qb3 {[%emt 0:01:33] [#]} h6 $146 ({Predecessor:} 10... Rc8 11. Rfd1 cxd4 12. exd4 dxc4 13. Bxc4 Nd5 14. Bxe7 Qxe7 15. Ne5 Nxe5 16. dxe5 Nf4 17. Qg3 Rxc4 {0-1 (17) Mayer,M (2070)-Helmreich,C Feffernitz 2005}) 11. Bf4 Nh5 12. Be5 f6 13. Bg3 Nxg3 14. hxg3 f5 15. Rfd1 cxd4 (15... a6 $11) 16. Nxd4 Nc5 17. Qc2 Qd7 18. b4 Ne4 19. Nxe4 fxe4 20. Bg4 Rf6 21. Nxe6 Rxe6 22. cxd5 Bxd5 23. Qd2 Rd8 24. Qxd5 Qxd5 25. Rxd5 Red6 26. Rxd6 Rxd6 27. Rc7 Bf6 28. Rxa7 Rd2 29. Rb7 Kf8 30. Be6 Rd1+ 31. Kh2 Rd2 32. Rxb6 Rxf2 33. Ra6 Be5 34. Bd5 h5 35. Re6 Bc7 36. Rxe4 g5 37. Bb3 h4 38. Kh3 Bxg3 39. b5 Kg7 40. b6 Kf6 41. b7 Kf5 42. Rc4 Re2 43. Rc5+ Kf6 44. Rc6+ Kf5 45. Be6+ Ke4 46. Rc4+ Kd3 47. Rg4 Rxe3 48. Rxg3 g4+ 49. Kxh4 Rxg3 50. Kxg3 Kd4 51. b8=Q Ke4 52. Qf4+ (52. Qd6 $142 Ke3 53. Bc4 Ke4 54. Qf4#) 52... Kd3 53. Bb3 Ke2 54. Bc2 Ke1 55. Qf2# 1-0

[Event "4th Memorial Warakomska-B 2020"]
[Site "Suwalki"]
[Date "2020.08.10"]
[Round "6.5"]
[White "Kitewski, Bartosz"]
[Black "Sapeta, Robert"]
[Result "0-1"]
[ECO "E91"]
[WhiteElo "1718"]
[BlackElo "1895"]
[Annotator "NA"]
[PlyCount "56"]
[EventDate "2020.08.06"]
[EventType "swiss"]
[EventCountry "POL"]
[SourceTitle "playchess.com"]
[Source "ChessBase"]
[SourceQuality "1"]
[TimeControl "40/5400+30:1800+30"]

1. d4 d6 2. Nf3 Nf6 3. c4 g6 4. Nc3 Bg7 5. e4 O-O 6. Be2 Nbd7 7. O-O e5 8. d5 Nc5 9. Qc2 a5 10. Ne1 Bd7 11. Be3 b6 {[%emt 0:04:56] E94: King's Indian: Classical: 6 Be2 e5 7 0-0: Various Black 7th moves.} 12. b3 $2 {[%emt 0:02:10] [#]} (12. Bg5 $11) 12... Nfxe4 $1 13. Nxe4 Nxe4 14. Rc1 f5 {[%emt 0:01:25] [#]} 15. a3 $146 ({Predecessor:} 15. f3 Nf6 16. Bd3 Qe7 17. Qe2 Rae8 18. Bb1 f4 19. Bd2 g5 20. Bc3 g4 21. Nd3 {0-1 (34) Zhang,R (1908)-Zhu,Y (2306) Danzhou 2016}) 15... Nf6 16. f3 Qe7 17. b4 axb4 18. axb4 Ra3 19. Bf2 Nh5 20. c5 bxc5 21. bxc5 Nf4 $19 22. Bc4 e4 23. fxe4 Qg5 24. Bg3 Rxg3 25. hxg3 Bd4+ 26. Rf2 Qxg3 27. Kf1 fxe4 28. Rd1 Qh2 0-1

[Event "4th Memorial Warakomska-B 2020"]
[Site "Suwalki"]
[Date "2020.08.10"]
[Round "6.6"]
[White "Sapinski, Sebastian"]
[Black "Obolonin, Filipp"]
[Result "1-0"]
[ECO "B41"]
[WhiteElo "1603"]
[BlackElo "1922"]
[Annotator "ChessBase"]
[PlyCount "67"]
[EventDate "2020.08.06"]
[EventType "swiss"]
[EventCountry "POL"]
[SourceTitle "playchess.com"]
[Source "ChessBase"]
[SourceQuality "1"]
[TimeControl "40/5400+30:1800+30"]

1. e4 c5 2. Nf3 a6 3. d4 cxd4 4. Nxd4 e6 5. c4 Nf6 6. Nc3 Nc6 7. Be3 d6 8. f3 Be7 9. Qd2 Qc7 10. Rc1 Bd7 11. Be2 h5 12. a3 Qb8 13. b4 Ne5 14. Nb3 O-O 15. O-O Rd8 16. Rfd1 Qc7 17. Qd4 Rdc8 18. Na5 Nc6 19. Nxc6 Bxc6 20. b5 Be8 21. Na4 Nd7 22. f4 Nc5 23. Nxc5 dxc5 24. Qb2 axb5 25. cxb5 Qa5 26. Bxh5 Qxa3 27. Qf2 Bxb5 28. f5 exf5 29. exf5 b6 30. Rb1 Qa6 31. Qg3 Be8 32. Bh6 g6 33. fxg6 f5 34. Qe5 1-0

[Event "4th Memorial Warakomska-B 2020"]
[Site "Suwalki"]
[Date "2020.08.10"]
[Round "6.7"]
[White "Widelski, Kacper"]
[Black "Ciszewski, Krzysztof"]
[Result "1-0"]
[ECO "B90"]
[WhiteElo "1879"]
[BlackElo "1728"]
[Annotator "NA"]
[PlyCount "63"]
[EventDate "2020.08.06"]
[EventType "swiss"]
[EventCountry "POL"]
[SourceTitle "playchess.com"]
[Source "ChessBase"]
[SourceQuality "1"]
[TimeControl "40/5400+30:1800+30"]

1. e4 c5 2. Nf3 d6 3. d4 cxd4 4. Nxd4 Nf6 5. Nc3 a6 6. Bc4 e6 7. O-O Be7 8. a4 Nc6 9. Be3 Qc7 10. Qe2 O-O 11. Rad1 {[%emt 0:03:47] B88: Sicilian: Sozin Attack.} Ne5 12. Bb3 {[%emt 0:02:21] [#]} b6 $146 ({Predecessor:} 12... Bd7 13. f4 Nc6 14. f5 e5 15. Nxc6 Bxc6 16. Bg5 Ne8 17. Bc1 Qd8 18. Nd5 Bxd5 19. Bxd5 {1-0 (61) Zierk,S (2391)-Mazur,S (2402) Porto Carras 2010}) 13. f4 Nc6 {[%emt 0:02:45] [#]} 14. f5 $1 Nxd4 15. Bxd4 Re8 16. Qf2 Bd8 17. Qg3 e5 18. Be3 Kf8 19. Bg5 $16 (19. Qh3 $18 {is more deadly.}) 19... Bb7 20. Bxf6 Bxf6 21. Nd5 Bxd5 22. Rxd5 Rab8 23. Qd3 a5 24. Rxd6 Qc5+ 25. Kh1 Rbd8 26. Rd5 Rxd5 27. Bxd5 h5 28. c3 h4 29. Qc4 Qe3 30. Bxf7 Rb8 31. Bh5 g6 32. Bxg6 1-0

[Event "4th Memorial Warakomska-B 2020"]
[Site "Suwalki"]
[Date "2020.08.10"]
[Round "6.8"]
[White "Bancarewicz, Aleks"]
[Black "Kasperczyk, Szymon"]
[Result "1-0"]
[ECO "B38"]
[WhiteElo "1781"]
[BlackElo "1711"]
[Annotator "NA"]
[PlyCount "81"]
[EventDate "2020.08.06"]
[EventType "swiss"]
[EventCountry "POL"]
[SourceTitle "playchess.com"]
[Source "ChessBase"]
[SourceQuality "1"]
[TimeControl "40/5400+30:1800+30"]

1. e4 c5 2. Nf3 Nc6 3. d4 cxd4 4. Nxd4 g6 5. c4 Bg7 6. Be3 d6 7. Nc3 Nf6 8. Be2 Qa5 9. O-O Nxd4 10. Bxd4 Be6 11. Rc1 O-O 12. f4 Nd7 13. f5 gxf5 14. exf5 Bxf5 15. b4 Bxd4+ 16. Qxd4 Qa3 17. Nb5 Qxa2 18. Rxf5 Ne5 19. Bf1 Kh8 20. c5 Qe6 21. Rh5 Qg6 22. Rh3 f6 23. cxd6 exd6 24. Bd3 Nxd3 25. Qxd3 Qxd3 26. Rxd3 a5 27. Nc7 Rfc8 28. b5 b6 29. Rxd6 Ra7 30. Rdc6 a4 31. Nd5 Rd8 32. Nxf6 a3 33. Rc7 Rda8 34. R7c2 Ra5 35. Rb1 a2 36. Ra1 Rxb5 37. Rc7 Rb1+ 38. Kf2 Rb2+ 39. Kg3 Ra3+ 40. Kh4 Ra4+ 41. Kh3 1-0